 Dungeon Crawl Stone Soup version 0.19.0-1-g5985abe (webtiles) character file.

65 tyranidshit the Skirmisher (level 3, 0/30 HPs)
             Began as a Demonspawn Abyssal Knight on Nov 2, 2016.
             Was an Initiate of Lugonu.
             Slain by a jackal (2 damage)
             ... on level 1 of the Dungeon.
             The game lasted 00:02:06 (137 turns).

tyranidshit the Skirmisher (DsAK)                    Turns: 137, Time: 00:02:07

Health: 0/30       AC:  5    Str: 13    XL:     3   Next: 92%
Magic:  5/5        EV: 11    Int: 13    God:    Lugonu [......]
Gold:   12         SH:  0    Dex: 12    Spells: 0 memorised, 2 levels left

rFire  . . .     SeeInvis .     a - +1 hand axe
rCold  . . .     Gourm    .     b - +0 leather armour
rNeg   . . .     Faith    .     (no shield)
rPois  .         Spirit   .     (no helmet)
rElec  .         Reflect  .     (no cloak)
rCorr  .         Harm     .     (no gloves)
MR     .....                    (no boots)
Stlth  +.........               (no amulet)
                                (no ring)
                                (no ring)

@: no status effects
A: hooves 1, thin metallic scales 1
a: Renounce Religion


You were on level 1 of the Dungeon.
You worshipped Lugonu.
Lugonu was noncommittal.
You were not hungry.

You visited 1 branch of the dungeon, and saw 1 of its levels.
You visited the Abyss 1 time.

You collected 12 gold pieces.

Inventory:

Hand Weapons
 a - a +1 hand axe (weapon)
Armour
 b - a +0 leather armour (worn)
 e - a +0 ring mail of fire resistance
Scrolls
 f - a scroll of teleportation {unknown}
Comestibles
 c - a bread ration
 d - a meat ration


   Skills:
 + Level 4.1 Fighting
 - Level 2.2 Axes
 - Level 2.2 Armour
 - Level 1.1 Dodging
 - Level 2.7 Invocations


You had 2 spell levels left.
You didn't know any spells.

Dungeon Overview and Level Annotations

Branches:
Dungeon (1/15)

Altars:


Innate Abilities, Weirdness & Mutations

You have large cloven feet.
You are partially covered in thin metallic scales. (AC +2)


Message History

The giant cockroach is moderately wounded.
The giant cockroach bites you but does no damage.
A jackal comes into view.
Unknown command.
The jackal barks!
You hit the giant cockroach.
You kill the giant cockroach!
Lugonu accepts your kill.
You see here a stone.
There isn't anything to butcher here.
A giant cockroach comes into view.
There is an open door here.
You see here a stone.
You hit the jackal but do no damage. You kick the jackal, but do no damage.
The jackal bites you but does no damage.
Unknown command.
You completely miss the jackal. You kick the jackal, but do no damage.
The jackal bites you but does no damage.
The jackal bites you.
You die...

..s #..
#.. #
#.#.#
####.#.
.....
#.)#
##+###h##
#..l#.@.#
#.>.#...#
#...#...#
#.>.#.<.#
#...#.[.#
#.>.#...#
#...#...#
##+###+##


You could see a jackal and a frilled lizard.

Vanquished Creatures
  A giant cockroach (D:1)
  A goblin (D:1)
  A kobold (D:1)
3 creatures vanquished.

Vanquished Creatures (collateral kills)
  A small abomination (Abyss:2)
1 creature vanquished.

Grand Total: 4 creatures vanquished

Notes
Turn   | Place    | Note
-------+----------+-------------------------------------------
     0 | Abyss:1  | tyranidshit the Demonspawn Abyssal Knight began the quest for the Orb.
     0 | Abyss:1  | Reached XP level 1. HP: 18/18 MP: 2/2
    26 | Abyss:2  | Found a corrupted altar of Lugonu.
    85 | Abyss:2  | Noticed a chaos spawn
    93 | Abyss:2  | Noticed a small abomination
   103 | Abyss:2  | Killed a small abomination
   103 | Abyss:2  | Reached skill level 4 in Fighting
   103 | Abyss:2  | Reached skill level 1 in Dodging
   103 | Abyss:2  | Gained mutation: You are partially covered in thin metallic scales. (AC +2) [demonic ancestry]
   103 | Abyss:2  | Reached XP level 2. HP: 25/25 MP: 4/4
   103 | Abyss:2  | Gained mutation: You have large cloven feet. [demonic ancestry]
   103 | Abyss:2  | Reached XP level 3. HP: 30/30 MP: 5/5
   117 | Abyss:2  | HP: 1/30 [chaos spawn (14)]
   121 | D:1      | Escaped the Abyss
   125 | D:1      | HP: 1/30 [kobold/stone (1)]
   137 | D:1      | Slain by a jackal

Skill      XL: |  1 |
---------------+----+-----
Fighting       | 4 |  4.1
Axes           | 2 |  2.2
Armour         | 2 |  2.2
Dodging        | 1 |  1.1
Invocations    | |  2.7

Action                   || total
-------------------------++-------
Melee: Hand axe          ||     8
       Kick              ||     3
Invok: Depart the Abyss  ||     1
Evoke: Box of beasts     ||     3
Armor: Leather armour    ||     6
Dodge: Dodged            ||     3
